 Dungeon Crawl Stone Soup version 0.30-a0-341-g682706514a (webtiles) character file.

Game seed: 13551222331895638035

149 experimilk the Conjurer (level 5, -5/38 HPs)
             Began as a Draconian Conjurer on Nov 5, 2022.
             Killed by divine providence
             ... invoked by an orc priest
              (15 damage)
             ... on level 3 of the Dungeon.
             The game lasted 00:05:15 (3566 turns).

experimilk the Conjurer (Draconian Conjurer)        Turns: 3566, Time: 00:05:16

Health: -5/38      AC:  5    Str:  9    XL:     5   Next: 9%
Magic:  3/8        EV: 12    Int: 20    God:
Gold:   106        SH:  0    Dex: 10    Spells: 1/8 levels left

rFire   . . .      SeeInvis .    c - +0 short sword
rCold   . . .      Faith    .    (no shield)
rNeg    . . .      Spirit   .    (body armour unavailable)
rPois   .          Reflect  .    (helmet restricted)
rElec   .          Harm     .    (no cloak)
rCorr   .          Rampage  .    (no gloves)
Will    .....                    (no boots)
Stlth   ++........               (no amulet)
HPRegen 0.26/turn                (no ring)
MPRegen 0.11/turn                (no ring)

@: no status effects
A: AC +5, unfitting armour, cold-blooded
a: no special abilities


You were on level 3 of the Dungeon.
You visited 1 branch of the dungeon, and saw 3 of its levels.

You collected 106 gold pieces.

Inventory:

Hand Weapons
 c - a +0 short sword (weapon)
Armour
 f - a +0 kite shield
Jewellery
 b - an amulet of faith
Scrolls
 j - 2 scrolls of summoning
 k - a scroll of teleportation
 l - a scroll of vulnerability {unknown}
 m - a scroll of noise {unknown}
Potions
 a - a potion of flight
 d - a potion of haste
 e - 2 potions of cancellation
 g - a potion of attraction
 h - 2 potions of curing
 i - a potion of might {unknown}


   Skills:
 - Level 1.7 Dodging
 - Level 1.7 Stealth
 - Level 2.0 Spellcasting
 * Level 6.4 Conjurations


You had one spell level left.
You knew the following spells:

 Your Spells              Type           Power      Damage    Failure   Level
a - Magic Dart            Conj           100%       1d8       1%          1
x - Iskenderun's Mystic   Conj/Tloc      14%        2d5       38%         4
z - Searing Ray           Conj           54%        2d6       1%          2

Your spell library contained the following spells:

 Spells                   Type           Power      Damage    Failure   Level
 Dazzling Flash           Conj/Hex       28%        N/A       13%         3
 Fulminant Prism          Conj/Hex       7%         3d6       38%         4
 Leda's Liquefaction      Hex/Erth       1%         N/A       83%         4
 Lee's Rapid Deconstruct  Erth           1%         3d4*      99%         5
 Statue Form              Tmut/Erth      1%         N/A       100%        6


Dungeon Overview and Level Annotations

Branches:
Dungeon (3/15)

Altars:
Trog


Innate Abilities, Weirdness & Mutations

Your plain brown scales are hard. (AC +5)
You cannot fit into any form of body armour.
You are cold-blooded and may be slowed by cold attacks.


Message History

The orc wizard moves out of view.
Found a scroll labelled ERIDWE IDGHEBB and 20 gold pieces.
Found a roughly hewn altar of Beogh.
The magic dart hits the orc priest.
The orc priest is lightly wounded.
The orc priest shouts!
You hear a shout!
An orc priest comes into view. It is wielding a +0 club.
The magic dart hits the orc wizard.
The orc wizard is moderately wounded.
Casting: Magic Dart (safe; 1% risk of failure)
Confirm with . or Enter, or press ? or * to list all spells.
Okay, then.
The orc priest calls upon Beogh to heal the orc priest.
The orc priest's wounds heal themselves!
The orc wizard mumbles some strange words.
The orc wizard flickers and vanishes!
Deactivating autopickup; reactivate with Ctrl-A.
There is an open door here.
The orc priest invokes the aid of Beogh against you.
Beogh smites you! Something hits you.
Casting: Magic Dart (safe; 1% risk of failure)
Confirm with . or Enter, or press ? or * to list all spells.
Aiming: Searing Ray (safe; 1% risk of failure)
Press: ? - help, Shift-Dir - straight line, f - orc priest
Aim: an orc priest, wielding a +0 club and wearing a +0 leather armour (79% to hit)
The searing ray hits something.
The searing ray hits the orc priest.
The orc priest is moderately wounded.
The searing ray misses the orc priest. (Press . to maintain the ray.) Unknown command.
The searing ray hits the orc priest!
The orc priest is heavily wounded.
The orc priest calls down the wrath of Beogh upon you.
Beogh smites you!
* * * LOW HITPOINT WARNING * * *
Something hits you but does no damage.
The orc priest mumbles some strange prayers to Beogh against you.
Beogh smites you!
You die...

#.# #..........(# #.#
#######.###.### #.#
#)....#.# #.# ##...#
#####'### #...##
#......##.####..######
####......##.#...........
..........##...##########
..#.......##....@##o..##
..#.......##.##..#.8.8.#
..#.......#.. ##oo..?$_#
..#.......#.# ###.8.8.#
..#.......#. #$..##
..#.####+#.. #### ..#.#
#.# ###


You could see 2 orc priests.

Vanquished Creatures
  Terence (D:2)
  5 adders
  A worm (D:3)
  2 dart slugs
  4 orcs
  6 ball pythons
  2 endoplasms
  5 giant cockroaches
  9 goblins
  4 hobgoblins
  3 jackals (D:3)
  4 quokkas
  4 bats
  7 frilled lizards
  8 kobolds
  2 rats (D:1)
67 creatures vanquished.

Notes
Turn   | Place    | Note
-------+----------+-------------------------------------------
     0 | D:1      | experimilk the Draconian Conjurer began the quest for the
                  | Orb.
     0 | D:1      | Reached XP level 1. HP: 14/14 MP: 3/3
   460 | D:1      | Reached XP level 2. HP: 20/20 MP: 3/5
   463 | D:1      | Learned a level 2 spell: Searing Ray
  1110 | D:2      | Reached skill level 5 in Conjurations
  1178 | D:2      | Reached XP level 3. HP: 26/26 MP: 1/6
  1661 | D:2      | Found a faded altar of an unknown god.
  1689 | D:2      | Reached XP level 4. HP: 33/33 MP: 0/7
  1766 | D:2      | Learned a level 4 spell: Iskenderun's Mystic Blast
  1848 | D:2      | Noticed Terence
  1858 | D:2      | Killed Terence
  2193 | D:2      | Reached skill level 6 in Conjurations
  2964 | D:3      | Found a bloodstained altar of Trog.
  3381 | D:3      | Reached XP level 5. HP: 35/38 MP: 3/8
  3566 | D:3      | Killed from afar by an orc priest

Illustrated notes

Levels and vault maps discovered:
D:1:      nzn_arrival_water_spiral, layout_basic, skrybe_limestone_x
D:2:      layout_loops_cross, basic_ecumenical_altar, uniq_terence
D:3:      layout_basic, mainiacjoe_overflow_boulevard, kennysheep_orc_chapel

Skill      XL: |  1  2  3  4 |
---------------+-------------+-----
Conjurations   | 5 6 |  6.4
Dodging        | |  1.7
Stealth        | |  1.7
Spellcasting   | |  2.0

Action                   |  1- 3 |  4- 6 || total
-------------------------+-------+-------++-------
Melee: Unarmed           |    21 |       ||    21
       Tailslap          |     4 |     2 ||     6
       Punch             |     1 |       ||     1
       Short sword       |     2 |     2 ||     4
 Cast: Magic Dart        |    75 |    35 ||   110
       Searing Ray       |     1 |     8 ||     9
  Use: Scroll            |     3 |     4 ||     7
       Potion            |       |     1 ||     1
Armor: Skin              |     5 |     2 ||     7
Dodge: Dodged            |    14 |     3 ||    17

Table legend: (Time is in decaauts)
 A = Elapsed time spent in this place.
 B = Non-inter-level travel time spent in this place.
 C = Inter-level travel time spent in this place.
 D = Time resting spent in this place.
 E = Time spent auto-exploring this place.
 F = Levels seen in this place.
 G = Mean time per level.
                   A        B        C        D        E       F      G
               +--------+--------+--------+--------+--------+-----+--------+
         Total |   3565 |   3537 |     28 |   1205 |   2020 |   3 | 1188.3 |
       Dungeon |   3565 |   3537 |     28 |   1205 |   2020 |   3 | 1188.3 |
               +--------+--------+--------+--------+--------+-----+--------+

Top non-repeatable levels by time:
     D:2: 1342 daAuts
     D:3: 1174 daAuts
     D:1: 1047 daAuts
